 Dungeon Crawl Stone Soup version 0.27-a0-67-g4bfc8a49e1 (webtiles) character file.

Game seed: 16879648855365303963

1187 Morbidden the Chiller (level 8, 0/35 (40) HPs)
             Began as a Vine Stalker Ice Elementalist on Jan 9, 2021.
             Was an Initiate of Cheibriados.
             Slain by a wight
             ... wielding a +2 great sword of freezing
              (1 damage)
             ... on level 6 of the Dungeon.
             The game lasted 00:11:08 (7274 turns).

Morbidden the Chiller (VSIE)                        Turns: 7274, Time: 00:11:09

HP:   0/35 (40)     AC: 12    Str: 13    XL:     8   Next: 43%
MP:   0/16          EV: 13    Int: 18    God:    Cheibriados [......]
Gold: 247           SH:  0    Dex: 15    Spells: 5/16 levels left

rFire    + . .     SeeInvis +   a - +0 hunting sling
rCold    . . .     Faith    .   (no shield)
rNeg     . . .     Spirit   +   q - +0 robe
rPois    .         Reflect  .   u - +0 helmet
rElec    .         Harm     .   p - +0 cloak
rCorr    .         Rampage  .   (no gloves)
Will     +....                  I - +0 pair of boots
Stlth    ++........             (no amulet)
HPRegen  0.51/turn              E - ring of protection from fire
MPRegen  0.15/turn              H - ring of see invisible

@: icy armour, heavily drained, very slow
A: fangs 3, regeneration 1, magic shield, antimagic bite, no potion heal 3
a: Renounce Religion, Bend Time


You were on level 6 of the Dungeon.
You worshipped Cheibriados.
Cheibriados was noncommittal.
You visited 2 branches of the dungeon, and saw 7 of its levels.

You collected 247 gold pieces.

Inventory:

Hand Weapons
 a - a +0 hunting sling (weapon)
Missiles
 n - 5 sling bullets (quivered ammo)
 w - 3 boomerangs
 z - 2 javelins
 D - 12 poisoned darts
Armour
 p - a +0 cloak (worn)
 q - a +0 robe (worn)
 u - a +0 helmet (worn)
 I - a +0 pair of boots (worn)
Magical Staves
 F - an uncursed staff of death
Jewellery
 E - a ring of protection from fire (left hand)
 H - a ring of see invisible (right hand)
Wands
 B - a wand of polymorph (10)
Scrolls
 d - 7 scrolls of identify
 e - a scroll of enchant armour {unknown}
 h - 2 scrolls of fog {unknown}
 j - a scroll of teleportation
 o - a scroll of immolation {unknown}
 s - 5 scrolls of amnesia
 t - a scroll of enchant weapon {unknown}
 v - a scroll of remove curse {unknown}
 y - a scroll of random uselessness {unknown}
 C - a scroll of magic mapping {unknown}
 G - a scroll of blinking {unknown}
Potions
 b - a potion of magic {unknown}
 c - a potion of lignification {unknown}
 f - 3 potions of haste {unknown}
 g - a potion of heal wounds {unknown}
 i - 2 potions of invisibility {unknown}
 k - 2 potions of cancellation {unknown}
 l - 3 potions of ambrosia {unknown}
 m - 2 potions of attraction {unknown}
 r - a potion of degeneration {unknown}
 x - a potion of flight {unknown}
 A - 2 potions of curing {unknown}


   Skills:
 * Level 3.3 Fighting
 + Level 3.0 Slings
 * Level 3.3 Dodging
 + Level 3.3 Stealth
 + Level 0.2 Unarmed Combat
 * Level 4.9 Spellcasting
 * Level 2.4 Summonings
 * Level 6.0 Ice Magic
 * Level 0.8 Invocations


You had 5 spell levels left.
You knew the following spells:

 Your Spells              Type           Power        Failure   Level
a - Freeze                Ice            100%         1%          1
b - Frozen Ramparts       Ice            52%          3%          3
c - Ozocubu's Armour      Ice            26%          3%          3
d - Summon Ice Beast      Ice/Summ       19%          22%         4

Your spell library contained the following spells:

 Spells                   Type           Power        Failure   Level
 Summon Small Mammal      Summ           52%          4%          1
 Animate Skeleton         Necr           8%           14%         1
 Apportation              Tloc           8%           14%         1
 Corona                   Hex            4%           14%         1
 Hailstorm                Conj/Ice       15%          36%         4


Dungeon Overview and Level Annotations

Branches:
Dungeon (6/15)             Temple (1/1) D:5

Altars:
Ashenzari
Cheibriados
Elyvilon
Fedhas
Gozag
Qazlal
Ru
Sif Muna
Trog
Uskayaw
Xom
Yredelemnul
Zin
The Shining One

Shops:
D:6 =

Annotations:
D:3 2 runed translucent doors, mokwee's ghost, amateur OpVM


Innate Abilities, Weirdness & Mutations

You have razor-sharp teeth.
Your natural rate of healing is unusually fast.
When hurt, damage is shared between your health and your magic reserves.
Your bite disrupts and absorbs the magic of your enemies.
Potions cannot restore your health.


Message History

Fire: 7 sling bullets
Press: ? - help, Q - select action, (/) - cycle Shift-Dir - straight line, f/p - ogre
Aim: an ogre, wielding a +0 giant club (severely wounded)
You shoot a sling bullet. The sling bullet hits the ogre.
The ogre is almost dead.
The wight hits you from afar with a +5 spear.
* * * LOW HITPOINT WARNING * * *
You feel drained. The ogre hits you with a +0 giant club.
* * * LOW HITPOINT WARNING * * *
Unknown command.
Unknown command.
Fire: 6 sling bullets
Press: ? - help, Q - select action, (/) - cycle Shift-Dir - straight line, f/p - ogre
Aim: an ogre, wielding a +0 giant club (almost dead)
You shoot a sling bullet. The sling bullet hits the ogre.
The ogre is almost dead.
The wight hits you with a +2 great sword of freezing.
* * * LOW HITPOINT WARNING * * *
The wight freezes you.
You die...

.#........##......F..#
.#......#..#.....##..##>..
.†......#..................
#..)..##.............##....
##.##.#.......###..........
#####....................##
.# #..#.#......#.#...$.!..
.####.#.#.#....#.#.......#
..#.......##....@z.....#..
..#........#..##O......#..
#...#..........#(.z.....
#......#....#...(.......
##...###...##.(.(.......
#..## ..#.##...........
.... ....#............
##...# ...(#...... #...#


You could see an ogre and 2 wights.

Vanquished Creatures
  An ice beast (D:5)
  2 ogres
  A bullfrog (D:6)
  A scorpion (D:6)
  An orc priest (D:3)
  A centaur zombie (D:5)
  A jelly (D:5)
  A hound (D:5)
  Crazy Yiuf (D:2)
  A centaur skeleton (D:5)
  A gnoll shaman (D:5)
  Jessica (D:3)
  Natasha (thrice) (D:3)
  Terence (D:3)
  2 iguanas (D:5)
  4 worker ants
  Robin (D:3)
  12 gnolls
  7 adders
  A white imp (D:5)
  An ooze (D:5)
  An adder skeleton (D:4)
  5 worms
  2 dart slugs
  3 leopard geckos
  14 orcs
  7 bats
  3 giant cockroaches
  4 hobgoblins
  11 jackals
  10 frilled lizards
  15 goblins
  6 kobolds
  A quokka zombie (D:5)
  11 rats
138 creatures vanquished.

Notes
Turn   | Place    | Note
-------+----------+-------------------------------------------
     0 | D:1      | Morbidden the Vine Stalker Ice Elementalist began the quest
                  | for the Orb.
     0 | D:1      | Reached XP level 1. HP: 9/9 MP: 4/4
   238 | D:1      | Reached XP level 2. HP: 13/13 MP: 3/6
  1274 | D:1      | Reached XP level 3. HP: 15/16 MP: 4/7
  1509 | D:2      | Learned a level 3 spell: Frozen Ramparts
  1844 | D:2      | Gained mutation: Your natural rate of healing is unusually
                  | fast. [Vine Stalker growth]
  1844 | D:2      | Reached XP level 4. HP: 3/21 MP: 0/9
  2025 | D:2      | Found a runed translucent door.
  2026 | D:2      | Noticed Crazy Yiuf
  2131 | D:2      | Reached skill level 1 in Fighting
  2220 | D:2      | Found a shimmering blue altar of Sif Muna.
  2650 | D:2      | Killed Crazy Yiuf
  2651 | D:2      | Reached skill level 5 in Ice Magic
  2651 | D:2      | Reached XP level 5. HP: 17/25 MP: 3/10
  2822 | D:3      | Learned a level 3 spell: Ozocubu's Armour
  2834 | D:3      | Noticed Robin
  2845 | D:3      | Killed Robin
  2989 | D:3      | Noticed Jessica
  2992 | D:3      | Killed Jessica
  3198 | D:3      | Noticed Terence
  3207 | D:3      | Killed Terence
  3208 | D:3      | Reached XP level 6. HP: 23/30 MP: 0/12
  3400 | D:3      | Learned a level 4 spell: Summon Ice Beast
  3437 | D:3      | Found a bloodstained altar of Trog.
  3576 | D:3      | Noticed Natasha
  3583 | D:3      | Killed Natasha
  3584 | D:3      | Reached skill level 1 in Slings
  3664 | D:3      | Found a runed translucent door.
  3668 | D:3      | Noticed mokwee's ghost (amateur OpVM)
  3810 | D:3      | Found a runed translucent door.
  4049 | D:3      | Noticed Natasha
  4057 | D:3      | Killed Natasha
  4183 | D:3      | Noticed Natasha
  4187 | D:3      | Killed Natasha
  4188 | D:3      | Reached skill level 1 in Summonings
  4380 | D:3      | Found a runed translucent door.
  4517 | D:3      | Found a bloodstained altar of Trog.
  4669 | D:4      | Reached XP level 7. HP: 34/34 MP: 7/14
  5511 | D:4      | Found a broken altar of Ashenzari.
  5713 | D:5      | Entered Level 5 of the Dungeon
  6256 | D:5      | Gained mutation: You have razor-sharp teeth. [Vine Stalker
                  | growth]
  6256 | D:5      | Reached XP level 8. HP: 39/39 MP: 9/16
  6431 | D:5      | Found a glowing silver altar of Zin.
  6648 | D:5      | Found a staircase to the Ecumenical Temple.
  6698 | Temple   | Entered the Ecumenical Temple
  6764 | Temple   | Became a worshipper of Cheibriados the Contemplative
  7154 | D:6      | Reached skill level 6 in Ice Magic
  7166 | D:6      | Found Qepho's Jewellery Shoppe.
  7274 | D:6      | HP: 1/35 [wight/+2 great sword of freezing (4)]
  7274 | D:6      | Slain by a wight

Illustrated notes

Levels and vault maps discovered:
D:1:      sevenhm_arrival_forest_fort_small_5, layout_loops_ring,
          minmay_stone_trees_small
D:2:      layout_basic, lemuel_coloured_pillars_altar, uniq_crazy_yiuf_cottage
D:3:      layout_loops_ring, lemuel_crystal_altar, ebering_ghost_sewer_f,
          uniq_natasha, uniq_robin, uniq_terence, uniq_jessica
D:4:      layout_basic, ashenzari_altar_1, hangedman_decor_opposing,
          minmay_misc_feat_x
D:5:      layout_basic, lemuel_round_altar, minmay_temple_entry_wispy,
          minmay_checkerbox
D:6:      layout_cave_pools, minitemple, serial_shops, shop, shop,
          nicolae_shop_behind_doors, nicolae_shop_stone,
          nicolae_shop_window_shopping
Temple:   nicolae_temple_elliptical

Skill      XL: |  1  2  3  4  5  6  7  8 |
---------------+-------------------------+-----
Stealth        | 3 |  3.3
Fighting       | 1 2 3 |  3.3
Dodging        | 2 3 |  3.3
Spellcasting   | 3 4 |  4.9
Ice Magic      | 5 6 |  6.0
Slings         | 1 2 3 |  3.0
Summonings     | 1 2 |  2.4
Unarmed Combat | |  0.2
Invocations    | |  0.8

Action                   |  1- 3 |  4- 6 |  7- 9 || total
-------------------------+-------+-------+-------++-------
Melee: Unarmed           |    28 |    13 |       ||    41
       Bite              |     4 |     5 |       ||     9
 Fire: Hunting sling     |       |    90 |   176 ||   266
 Cast: Freeze            |    43 |    50 |    22 ||   115
       Frozen Ramparts   |     1 |     7 |     6 ||    14
       Ozocubu's Armour  |       |     2 |     6 ||     8
  Use: Scroll            |       |       |     2 ||     2
 Stab: Sleeping          |     2 |       |       ||     2
Armor: Robe              |    10 |    16 |    22 ||    48
Dodge: Dodged            |    37 |    48 |    56 ||   141

Table legend: (Time is in decaauts)
 A = Elapsed time spent in this place.
 B = Non-inter-level travel time spent in this place.
 C = Inter-level travel time spent in this place.
 D = Time resting spent in this place.
 E = Time spent auto-exploring this place.
 F = Levels seen in this place.
 G = Mean time per level.
                   A        B        C        D        E       F      G
               +--------+--------+--------+--------+--------+-----+--------+
         Total |   7411 |   7187 |    224 |    139 |   6069 |   7 | 1058.7 |
       Dungeon |   7322 |   7120 |    202 |    139 |   6017 |   6 | 1220.3 |
        Temple |     89 |     67 |     22 |      0 |     52 |   1 |   89.0 |
               +--------+--------+--------+--------+--------+-----+--------+

Top non-repeatable levels by time:
     D:3: 1872 daAuts
     D:1: 1545 daAuts
     D:5: 1435 daAuts
     D:2: 1193 daAuts
     D:4: 1127 daAuts
     D:6: 147 daAuts
  Temple: 89 daAuts
